 Dungeon Crawl Stone Soup version 0.30.0-29-ga12c61a403 (webtiles) character file.

Game seed: 15956742946215026455

209 Heoruswealwe the Conjurer (level 5, -5/28 HPs)
             Began as a Deep Elf Conjurer on June 23, 2023.
             Slain by a scorpion (7 damage)
             ... on level 4 of the Dungeon.
             The game lasted 00:30:06 (2283 turns).

Heoruswealwe the Conjurer (Deep Elf Conjurer)       Turns: 2283, Time: 00:30:12

Health: -5/28      AC:  2    Str:  4    XL:     5   Next: 55%
Magic:  10/15      EV: 12    Int: 25    God:
Gold:   136        SH:  0    Dex: 13    Spells: 2/16 levels left

rFire   . . .        b - +3 short sword
rCold   . . .        (no shield)
rNeg    . . .        c - +0 robe
rPois   .            (no helmet)
rElec   .            (no cloak)
rCorr   .            (no gloves)
SInv    .            (no boots)
Will    .....        (no amulet)
Stlth   ++           (no ring)
HPRegen 0.24/turn    (no ring)
MPRegen 0.14/turn

%: no passive effects
@: no status effects
A: no striking features
a: no special abilities


You were on level 4 of the Dungeon.
You visited 1 branch of the dungeon, and saw 4 of its levels.

You collected 136 gold pieces.

Inventory:

Hand Weapons
 b - a +3 short sword (weapon)
Armour
 c - a +0 robe (worn)
Scrolls
 a - a scroll of magic mapping
 d - 2 scrolls of enchant weapon
 e - 3 scrolls of identify
 f - 2 scrolls of vulnerability {unknown}
 j - a scroll of brand weapon {unknown}
 l - 2 scrolls of teleportation {unknown}
 o - a scroll of amnesia {unknown}
 p - a scroll of silence {unknown}
Potions
 g - 3 potions of brilliance {unknown}
 h - 3 potions of curing
 i - a potion of heal wounds {unknown}
 k - a potion of mutation {unknown}
 m - a potion of attraction {unknown}
 n - a potion of magic


   Skills:
 - Level 2.4 Dodging
 - Level 2.4 Stealth
 + Level 6.0 Spellcasting
 + Level 6.1 Conjurations


You had 2 spell levels left.
You knew the following spells:

 Your Spells              Type           Power      Damage    Failure   Level
a - Magic Dart            Conj           100%       1d8       1%          1
b - Searing Ray           Conj           76%        2d7       1%          2
c - Dazzling Flash        Conj/Hex       44%        N/A       6%          3
d - Fulminant Prism       Conj/Hex       11%        3d8       21%         4
e - Iskenderun's Mystic   Conj/Tloc      22%        2d6       21%         4

Your spell library contained the following spells:

 Spells                   Type           Power      Damage    Failure   Level
 Summon Lightning Spire   Summ/Air       7%         N/A       58%         4
 Storm Form               Tmut/Air       3%         N/A       100%        7
 Maxwell's Capacitive Co  Air            3%         ∞         100%        8


Dungeon Overview and Level Annotations

Branches:
Dungeon (4/15)
 Temple: D:4-7

Altars:

Annotations:
D:4 Pikel


Message History

It is a scroll of identify.
a - a scroll of magic mapping
Casting: Magic Dart (safe; 1% risk of failure)
Confirm with . or Enter, or press ? or * to list all spells.
Aiming: Searing Ray (safe; 1% risk of failure)
Press: ? - help, Shift-Dir - straight line, f - scorpion, p - lemure
Aim: a scorpion (81% to hit)
The searing ray misses the scorpion.
The searing ray hits Pikel.
Pikel is lightly wounded. (Press . to maintain the ray.)
The scorpion stings you!
The searing ray hits the scorpion.
The scorpion is moderately wounded.
The searing ray hits Pikel.
Pikel is lightly wounded.
The lemure hits you! The scorpion misses you.
The searing ray hits the scorpion.
The scorpion is severely wounded.
The searing ray misses Pikel.
A lemure comes into view.
Pikel says, "You'll make a fine lemure."
A lemure comes into view.
The scorpion stings you.
The searing ray misses the scorpion.
The searing ray hits the lemure!
The lemure is heavily wounded.
You finish channelling your searing ray.
The scorpion stings you.
* * * LOW HITPOINT WARNING * * *
You are lethally poisoned!
The scorpion poisons you!
It was a potion of curing.
You feel better. The scorpion stings you.
Pikel hits you with a +0 whip of freezing.
Pikel freezes you. The lemure hits you but does no damage.
As you read the scroll of identify, it crumbles to dust.
d - 2 scrolls of enchant weapon The scorpion misses you.
Pikel zaps a wand.
You resist with some effort. The lemure hits you!
* * * LOW HITPOINT WARNING * * *
The scorpion stings you!
You die...

### ..# ###### ..###....#
.........## ..###.#...#
..# ###..## ..###...##
### [###.....### ###.##
...##......# #..@.#
...#......####.5sK#
..............##..## #
...................# .##
..##......#.#..555## ...#
##.......##.##.....##....
............##.....#.....
##..###..##..............
.#.## ##.......#$........


You could see Pikel, 4 lemures and a scorpion.

Vanquished Creatures
  An ogre (D:4)
  An orc priest (D:4)
  4 adders
  2 dart slugs (D:1)
  3 orcs (D:4)
  4 bats
  9 endoplasms
  5 goblins
  7 hobgoblins
  3 quokkas
  2 ball pythons (D:1)
  4 frilled lizards
  4 kobolds
  4 rats
53 creatures vanquished.

Notes
Turn   | Place    | Note
-------+----------+-------------------------------------------
     0 | D:1      | Heoruswealwe the Deep Elf Conjurer began the quest for the
                  | Orb.
     0 | D:1      | Reached XP level 1. HP: 10/10 MP: 6/6
   367 | D:1      | Reached XP level 2. HP: 13/15 MP: 4/8
   370 | D:1      | Learned a level 2 spell: Searing Ray
   712 | D:1      | Reached skill level 5 in Conjurations
   712 | D:1      | Reached XP level 3. HP: 15/19 MP: 5/10
   716 | D:1      | Learned a level 3 spell: Dazzling Flash
  1190 | D:2      | Found a faded altar of an unknown god.
  1756 | D:2      | You fall into a shaft and drop 2 floors!
  1762 | D:4      | Reached XP level 4. HP: 24/24 MP: 9/12
  1768 | D:4      | Learned a level 4 spell: Fulminant Prism
  1778 | D:4      | Reached skill level 5 in Spellcasting
  2161 | D:4      | Noticed an ogre
  2168 | D:4      | Killed an ogre
  2169 | D:4      | Reached XP level 5. HP: 23/28 MP: 5/15
  2174 | D:4      | Learned a level 4 spell: Iskenderun's Mystic Blast
  2266 | D:4      | Noticed a lemure
  2267 | D:4      | Noticed a lemure
  2267 | D:4      | Noticed Pikel
  2280 | D:4      | Noticed a lemure
  2280 | D:4      | Noticed a lemure
  2283 | D:4      | Slain by a scorpion

Illustrated notes

Levels and vault maps discovered:
D:1:      minmay_arrival_widening_spiral_narrow, layout_rooms,
          nicolae_kite_square_tiling_tiny, minmay_pentomino_x2
D:2:      layout_loops_ring, shapermc_ecumenical_altar_petra
D:3:      layout_loops_ring
D:4:      layout_cave_pools, uniq_pikel

Skill      XL: |  1  2  3  4 |
---------------+-------------+-----
Spellcasting   | 4 6 |  6.0
Conjurations   | 5 6 |  6.1
Dodging        | |  2.4
Stealth        | |  2.4

Action                     |  1- 3 |  4- 6 || total
---------------------------+-------+-------++-------
   Cast: Magic Dart        |    63 |    29 ||    92
         Searing Ray       |       |     3 ||     3
    Use: Scroll            |       |     2 ||     2
         Potion            |       |     1 ||     1
 Armour: Robe              |     1 |     1 ||     2
  Dodge: Dodged            |     6 |     8 ||    14
